[Event "Titled Tuesday Blitz August 22 Late 2023"]
[White "Liu, Casper"]
[Black "Garcia-Castany Musellas, Gal.la"]
[WhiteFideId "1454153"]
[BlackFideId "2241803"]
[WhiteElo "2453"]
[BlackElo "2272"]
[Result "0-1"]
[Round "6"]
[TimeControl "180+1"]
[Date "2023.08.22"]
[WhiteClock "0:01:27"]
[BlackClock "0:00:37"]
[Board "135"]

1. e4 e5 2. d4 exd4 3. Qxd4 Nc6 4. Qe3 Nf6 5. Nc3 Bb4 6. Bd2 O-O 7. O-O-O Re8 8. Qf3 d6 9. h3 Ne5 10. Qg3 Ng6 11. f4 Bxc3 12. Qxc3 Nxe4 13. Qf3 Nxd2 14. Rxd2 Qf6 15. g3 Bf5 16. Qb3 Re1+ 17. Rd1 Rxd1+ 18. Kxd1 Be4 19. Rh2 Qd4+ 20. Ke1 Qxg1 21. Re2 Bc6 22. h4 h5 23. a4 Re8 24. Rxe8+ Bxe8 25. Qxb7 Qxg3+ 26. Kd1 Qxf4 27. Be2 Qd4+ 28. Bd3 Ne5 29. Qc8 Kf8 30. Qxc7 Nxd3 31. cxd3 Qxd3+ 32. Kc1 Qe3+ 33. Kb1 Qc5 34. Qd8 a5 35. Ka1 Qb4 36. Kb1 Qe4+ 37. Kc1 Qxa4 38. Qxd6+ Kg8 39. Qe5 Qc6+ 40. Kb1 a4 41. Ka2 f6 42. Qe7 Bf7+ 43. Kb1 Bg6+ 44. Ka1 Qc1+ 45. Ka2 Qc4+ 46. Ka1 Bf7 47. Kb1 Qb3 48. Qd8+ Kh7 49. Qd4 a3 50. Kc1 a2 51. Qa7 Qd3 0-1


[Site "https://www.chess.com"]

[Event "Titled Tuesday Blitz August 22 Late 2023"]
[White "Eggleston, Thomas A"]
[Black "Fajdetic, Hrvoje"]
[WhiteFideId "412139"]
[BlackFideId "14501945"]
[WhiteElo "2451"]
[BlackElo "2266"]
[Result "1/2-1/2"]
[Round "6"]
[TimeControl "180+1"]
[Date "2023.08.22"]
[WhiteClock "0:00:06"]
[BlackClock "0:00:05"]
[Board "136"]

1. d4 e6 2. c4 f5 3. Nf3 Nf6 4. g3 d5 5. Bg2 c6 6. O-O Bd6 7. Nbd2 O-O 8. Ne5 b6 9. Ndf3 Bb7 10. Qc2 Nbd7 11. Bf4 Qe7 12. Nd3 Ne4 13. Nfe5 Rac8 14. f3 Nef6 15. Nxd7 Qxd7 16. Ne5 Qc7 17. e4 Nd7 18. exf5 Rxf5 19. Bh3 Rf6 20. Bg5 Bxe5 21. dxe5 Qxe5 22. Bxf6 Qxf6 23. Rae1 Nf8 24. f4 Qd4+ 25. Kh1 dxc4 26. Bg2 b5 27. Rd1 Qc5 28. Rfe1 a5 29. Re5 Qb6 30. f5 c5 31. Bxb7 Qxb7+ 32. Kg1 exf5 33. Qxf5 Qc7 34. Qe4 Qf7 35. Qd5 b4 36. Rf5 Qxd5 37. Rdxd5 Ne6 38. Rfe5 Nd4 39. Re7 c3 40. bxc3 bxc3 41. Rdd7 c2 42. Rxg7+ Kh8 43. Rxh7+ Kg8 44. Rhg7+ Kf8 45. Rgf7+ Ke8 46. Rfe7+ Kf8 47. Rf7+ Kg8 48. Rg7+ Kh8 49. Rh7+ Kg8 50. Rhg7+ 1/2-1/2


[Site "https://www.chess.com"]

[Event "Titled Tuesday Blitz August 22 Late 2023"]
[White "tomobeast"]
[Black "Rangel, Daniel"]
[BlackFideId "2124475"]
[WhiteElo "2217"]
[BlackElo "2450"]
[Result "1/2-1/2"]
[Round "6"]
[TimeControl "180+1"]
[Date "2023.08.22"]
[WhiteClock "0:00:11"]
[BlackClock "0:00:06"]
[Board "137"]

1. e4 c5 2. Nf3 d6 3. d4 cxd4 4. Nxd4 Nf6 5. Nc3 g6 6. f3 Bg7 7. Be3 O-O 8. Qd2 Nc6 9. O-O-O Nxd4 10. Bxd4 Be6 11. Kb1 Qc7 12. g4 Rfc8 13. h4 Qa5 14. h5 Rab8 15. hxg6 hxg6 16. g5 Nh5 17. Be2 Rxc3 18. Qxc3 Qxa2+ 19. Kc1 Bxd4 20. Qxd4 Rc8 21. f4 Bb3 22. Bd3 Qa5 23. f5 Qc5 24. Qxc5 Rxc5 25. fxg6 fxg6 26. e5 Bf7 27. exd6 exd6 28. Rh4 Rxg5 29. Rd4 d5 30. c4 dxc4 31. Be2 Ng3 32. Bf3 b5 33. Rd8+ Kg7 34. R1d7 Rf5 35. Bd5 Rxd5 36. Rxd5 Bxd5 37. Rxd5 a6 38. Rd6 Ne4 39. Rxa6 g5 40. Re6 Nc5 41. Rb6 Nd3+ 42. Kd2 Nxb2 43. Rxb5 Nd3 44. Rxg5+ Kf6 45. Rg4 Ne5 46. Rf4+ Ke6 47. Kc3 Kd5 48. Rf5 Ke4 49. Rf8 Kd5 50. Rd8+ Ke4 51. Rd6 Ke3 52. Re6 Ke4 53. Rd6 Ke3 54. Kb4 Ke4 55. Re6 Kd5 56. Rxe5+ Kxe5 57. Kxc4 1/2-1/2


[Site "https://www.chess.com"]

[Event "Titled Tuesday Blitz August 22 Late 2023"]
[White "Osmonbekov, Talaibek"]
[Black "Czerw, Dawid"]
[WhiteFideId "2017253"]
[BlackFideId "1145746"]
[WhiteElo "2203"]
[BlackElo "2449"]
[Result "0-1"]
[Round "6"]
[TimeControl "180+1"]
[Date "2023.08.22"]
[WhiteClock "0:00:41"]
[BlackClock "0:01:43"]
[Board "138"]

1. d4 d5 2. Nc3 Nf6 3. Bf4 g6 4. e3 Bg7 5. Nf3 O-O 6. Ne5 c5 7. h4 h5 8. f3 Nc6 9. Qd2 Bf5 10. g4 hxg4 11. fxg4 Nxg4 12. Nxg4 Bxg4 13. Be2 Bxe2 14. Nxe2 cxd4 15. exd4 e5 16. dxe5 Nxe5 17. Bxe5 Bxe5 18. O-O-O Qb6 19. c3 Rfd8 20. h5 Bg7 21. hxg6 fxg6 22. Qd3 Rac8 23. Kb1 a5 24. Nf4 Rxc3 25. Qxg6 Rc1+ 0-1


[Site "https://www.chess.com"]

[Event "Titled Tuesday Blitz August 22 Late 2023"]
[White "Blackburn, Jonathan L B"]
[Black "Wieczorek, Zbigniew"]
[WhiteFideId "1801090"]
[BlackFideId "1102001"]
[WhiteElo "2449"]
[BlackElo "2182"]
[Result "0-1"]
[Round "6"]
[TimeControl "180+1"]
[Date "2023.08.22"]
[WhiteClock "0:00:00"]
[BlackClock "0:00:59"]
[Board "139"]

1. d4 d6 2. c4 e5 3. Nf3 Nd7 4. Nc3 Ngf6 5. e4 g6 6. Be2 Bg7 7. Be3 O-O 8. h3 c6 9. O-O exd4 10. Nxd4 Re8 11. Qc2 Nc5 12. Bf3 a5 13. Rad1 Nfd7 14. Nb3 Qe7 15. Rfe1 a4 16. Nxc5 Nxc5 17. Bxc5 dxc5 18. Nxa4 Bd4 19. b3 Qg5 20. Kf1 Qf4 21. Qc1 Qh2 22. Qg5 Be6 23. Qg3 Qxg3 24. fxg3 Bxc4+ 25. bxc4 Rxa4 26. Re2 Rxc4 27. Rb1 Re7 28. g4 Rb4 29. Rxb4 cxb4 30. Rc2 c5 31. Rc1 g5 32. Rc2 Kg7 33. g3 Kf6 34. Ke2 Ke5 35. Kd3 b5 36. Ke2 Ra7 37. Kf1 Ra3 38. Kg2 c4 39. h4 h6 40. hxg5 hxg5 41. Be2 Kxe4 42. Kf1 Ke3 43. Bd1 Kd3 44. Re2 b3 45. axb3 Ra1 46. Re7 Rxd1+ 47. Kg2 cxb3 48. Rxf7 b2 49. Rf3+ Kc4 50. Rf5 b1=Q 0-1


[Site "https://www.chess.com"]

[Event "Titled Tuesday Blitz August 22 Late 2023"]
[White "Feliz Dotel, Dewar Bienvenido"]
[Black "Tsyhanchuk, Stanislav"]
[WhiteFideId "6402801"]
[BlackFideId "13505130"]
[WhiteElo "2178"]
[BlackElo "2446"]
[Result "0-1"]
[Round "6"]
[TimeControl "180+1"]
[Date "2023.08.22"]
[WhiteClock "0:00:06"]
[BlackClock "0:00:21"]
[Board "140"]

1. d4 Nf6 2. e3 d5 3. Nf3 e6 4. Bd3 c5 5. b3 Ne4 6. O-O f5 7. c4 Nd7 8. cxd5 exd5 9. dxc5 Ndxc5 10. Bb5+ Bd7 11. Bxd7+ Qxd7 12. Bb2 Bd6 13. Nc3 Nxc3 14. Bxc3 Ne4 15. Bb2 Bc7 16. Qd4 O-O 17. Rfd1 Rad8 18. Qxa7 f4 19. Be5 fxe3 20. Qxe3 Rxf3 21. gxf3 Bxe5 22. fxe4 Bxa1 23. Rxa1 Qg4+ 24. Kf1 Re8 25. e5 Qh5 26. Re1 Qxh2 27. e6 d4 28. Qf3 Rf8 29. Qg2 Qh5 30. e7 Re8 31. Qe4 d3 32. Qxd3 Qh1+ 33. Ke2 Rxe7+ 34. Kd2 Qxe1+ 35. Kc2 Re2+ 0-1


[Site "https://www.chess.com"]

[Event "Titled Tuesday Blitz August 22 Late 2023"]
[White "Nunez V, Gustavo Eduardo"]
[Black "Petersson, Kjell"]
[WhiteFideId "4403690"]
[BlackFideId "1705148"]
[WhiteElo "2439"]
[BlackElo "2179"]
[Result "1-0"]
[Round "6"]
[TimeControl "180+1"]
[Date "2023.08.22"]
[WhiteClock "0:00:26"]
[BlackClock "0:00:12"]
[Board "141"]

1. e4 c5 2. Nc3 g6 3. g3 Nf6 4. Bg2 Nc6 5. Nge2 Bg7 6. d3 O-O 7. h3 Rb8 8. a4 d6 9. O-O a6 10. f4 Nd4 11. g4 b5 12. axb5 axb5 13. Ng3 b4 14. Nce2 Nxg4 15. hxg4 Bxg4 16. Qd2 Qd7 17. Nxd4 Bxd4+ 18. Kh2 h5 19. Qe1 Kg7 20. Ne2 Bf6 21. Ng1 e5 22. f5 gxf5 23. exf5 Bxf5 24. Qf2 Kg6 25. Bh3 Bxh3 26. Qxf6+ Kh7 27. Nxh3 Rh8 28. Qh6+ Kg8 29. Rg1+ 1-0


[Site "https://www.chess.com"]

[Event "Titled Tuesday Blitz August 22 Late 2023"]
[White "Onthequiet"]
[Black "Kula, Robert"]
[BlackFideId "1101218"]
[WhiteElo "2431"]
[BlackElo "2151"]
[Result "1-0"]
[Round "6"]
[TimeControl "180+1"]
[Date "2023.08.22"]
[WhiteClock "0:00:09"]
[BlackClock "0:00:00"]
[Board "142"]

1. d4 d5 2. Nf3 Nf6 3. c4 c6 4. e3 g6 5. Nc3 Bg7 6. h3 O-O 7. Qb3 dxc4 8. Bxc4 b5 9. Bd3 Be6 10. Qc2 a6 11. O-O Nd5 12. a3 Nxc3 13. bxc3 h6 14. a4 Nd7 15. Ba3 Nb6 16. a5 Nc4 17. Bb4 Rc8 18. Nd2 Nxd2 19. Qxd2 Qd7 20. Bc5 f5 21. f4 Bd5 22. Kh2 h5 23. g4 hxg4 24. hxg4 Kf7 25. Kg3 Rh8 26. Qe2 Rh7 27. e4 Rch8 28. exd5 Rh3+ 29. Kf2 Rh2+ 30. Ke1 Rxe2+ 31. Bxe2 Qxd5 32. gxf5 gxf5 33. Kd2 Rh2 34. Rfe1 Bh6 35. Rf1 Qc4 36. Rae1 Qa2+ 37. Kd3 Rh4 38. Bf3 Bxf4 39. Rxe7+ Kf6 40. Rfe1 Qc4+ 41. Kc2 Qa2+ 42. Kd3 Qc4+ 43. Kc2 Rh2+ 44. R7e2 Qa2+ 45. Kd3 Qc4+ 46. Kc2 Rxe2+ 47. Rxe2 Qa2+ 48. Kd3 Qxa5 49. Kc2 Qa4+ 50. Kd3 Qc4+ 51. Kc2 a5 52. Be7+ Kg6 53. Rg2+ Kf7 54. Bc5 b4 55. Bh5+ Kf6 56. Rg6+ Kf7 57. Rg4+ Kf6 58. Rxf4 Qxc3+ 59. Kd1 Qd3+ 60. Ke1 Qe3+ 61. Be2 Qxf4 62. Bb6 Qe3 63. d5 b3 64. Bxe3 b2 65. Bd4+ Kg5 66. Bxb2 Kf4 67. dxc6 Ke3 68. c7 f4 69. c8=Q f3 70. Bxf3 a4 71. Qc4 a3 72. Bxa3 Kxf3 73. Qf7+ 1-0


[Site "https://www.chess.com"]

[Event "Titled Tuesday Blitz August 22 Late 2023"]
[White "Bochnicka, Vladimir"]
[Black "miraitrunks"]
[WhiteFideId "14943450"]
[WhiteElo "2431"]
[BlackElo "1990"]
[Result "1-0"]
[Round "6"]
[TimeControl "180+1"]
[Date "2023.08.22"]
[WhiteClock "0:02:02"]
[BlackClock "0:01:37"]
[Board "143"]

1. Nh3 d5 2. g3 Nc6 3. Bg2 Nf6 4. b3 Bf5 5. Bb2 e6 6. O-O Qd7 7. d3 Bc5 8. Nd2 h6 9. Nf3 e5 10. d4 exd4 11. Nf4 g5 12. Nd3 Bb6 13. Nde5 Nxe5 14. Nxe5 Qe6 15. Bxd4 c5 16. Bb2 Bc7 17. Nd3 b6 18. c4 Rd8 19. cxd5 Rxd5 20. Bxf6 Bxd3 21. exd3 Qxf6 22. Bxd5 O-O 23. Qf3 Qd4 24. Rae1 Kg7 25. Re7 Be5 26. Rxf7+ Rxf7 27. Qxf7+ Kh8 28. Qg8# 1-0


[Site "https://www.chess.com"]

[Event "Titled Tuesday Blitz August 22 Late 2023"]
[White "Novikova, Margarita"]
[Black "Reprintsev, Alexander"]
[WhiteFideId "14109689"]
[BlackFideId "14100541"]
[WhiteElo "2176"]
[BlackElo "2486"]
[Result "0-1"]
[Round "6"]
[TimeControl "180+1"]
[Date "2023.08.22"]
[WhiteClock "0:00:00"]
[BlackClock "0:00:10"]
[Board "144"]

1. d4 d5 2. Bf4 Nf6 3. Nf3 e6 4. c3 c5 5. e3 Bd7 6. Nbd2 Be7 7. h3 Bc6 8. Bd3 Nbd7 9. O-O Rc8 10. Ne5 O-O 11. Nxc6 bxc6 12. e4 cxd4 13. e5 Ne4 14. Nxe4 dxe4 15. Bxe4 Nc5 16. Bb1 dxc3 17. Qc2 g6 18. Qxc3 Na4 19. Qc2 Qd4 20. Be3 Qxb2 21. Qxa4 Qxa1 22. Bd4 Qxd4 23. Qxd4 c5 24. Qd7 Rfe8 25. Qxa7 c4 26. Rc1 c3 27. Qa5 Red8 28. Be4 Rc5 29. Qb4 Rdc8 30. Qb3 Bg5 31. Rc2 Bd2 32. a4 Rxe5 33. Bf3 Rcc5 34. g3 h5 35. h4 Kg7 36. Qb4 Ra5 37. Qd4 Rc5 38. Kg2 Kh7 39. Qd7 Kg7 40. Bc6 Rf5 41. Bb5 Rcd5 42. Bc4 Rxd7 0-1


[Site "https://www.chess.com"]

[Event "Titled Tuesday Blitz August 22 Late 2023"]
[White "The_Straightforward_Rook"]
[Black "Dubreuil, Julien"]
[BlackFideId "621285"]
[WhiteElo "2449"]
[BlackElo "2344"]
[Result "1-0"]
[Round "6"]
[TimeControl "180+1"]
[Date "2023.08.22"]
[WhiteClock "0:00:04"]
[BlackClock "0:00:00"]
[Board "145"]

1. e4 c5 2. Nf3 Nc6 3. Bb5 g6 4. O-O Bg7 5. Re1 Nf6 6. c3 O-O 7. d4 d5 8. e5 Ne4 9. Nbd2 Bf5 10. Nf1 Qb6 11. a4 a6 12. Bxc6 bxc6 13. a5 Qa7 14. dxc5 Qxc5 15. Be3 Qb5 16. Ng3 Nxg3 17. hxg3 Qxb2 18. Bc5 Rfb8 19. Bb4 Rxb4 20. cxb4 Qxb4 21. Nd4 Bd7 22. Rb1 Qxa5 23. Rb7 Bc8 24. Rxe7 Qc5 25. Re8+ Bf8 26. Qc1 Qxd4 27. Qxc6 Qb4 28. Qd6 Kg7 29. Qf6+ Kg8 30. Rc1 Bb7 31. Rxa8 Bxa8 32. e6 Qe7 33. exf7+ Qxf7 34. Qd8 Bb7 35. Rc7 Qf5 36. Rxb7 d4 37. Rb8 Qf7 38. Qxd4 a5 39. Ra8 1-0


[Site "https://www.chess.com"]

[Event "Titled Tuesday Blitz August 22 Late 2023"]
[White "Antonio, Jorge Carlos"]
[Black "Jonkman, Harmen"]
[WhiteFideId "113190"]
[BlackFideId "1002708"]
[WhiteElo "2306"]
[BlackElo "2412"]
[Result "1-0"]
[Round "6"]
[TimeControl "180+1"]
[Date "2023.08.22"]
[WhiteClock "0:01:21"]
[BlackClock "0:00:00"]
[Board "146"]

1. e4 e5 2. f4 exf4 3. Nf3 Nf6 4. Nc3 Be7 5. d4 Nh5 6. Be2 O-O 7. O-O g5 8. Nxg5 Bxg5 9. Bxh5 f5 10. Bxf4 d6 11. Qf3 Bxf4 12. Qxf4 Nc6 13. Rf3 Nxd4 14. Rg3+ Kh8 15. Qh6 Qf6 16. Bg6 Qg7 17. Qxg7+ Kxg7 18. Bxf5+ Kh8 19. Rf1 Nxc2 20. Nb5 Nd4 21. Nxd4 1-0


[Site "https://www.chess.com"]

[Event "Titled Tuesday Blitz August 22 Late 2023"]
[White "SergioMoralesG"]
[Black "Cruz, William Ferreira Da"]
[BlackFideId "2118050"]
[WhiteElo "2407"]
[BlackElo "2304"]
[Result "1-0"]
[Round "6"]
[TimeControl "180+1"]
[Date "2023.08.22"]
[WhiteClock "0:00:52"]
[BlackClock "0:00:00"]
[Board "147"]

1. d4 Nf6 2. c4 g6 3. Nc3 Bg7 4. e4 d6 5. Nf3 O-O 6. Be2 e5 7. Be3 Ng4 8. Bg5 f6 9. Bh4 Nc6 10. d5 Ne7 11. Nd2 Nh6 12. f3 g5 13. Bf2 f5 14. c5 g4 15. fxg4 Nxg4 16. Bxg4 fxg4 17. O-O Ng6 18. cxd6 cxd6 19. Nc4 Rf7 20. Nb5 Bf8 21. Bxa7 Rxa7 22. Nxa7 Rxf1+ 23. Qxf1 Bd7 24. a4 Nf4 25. Nb5 h5 26. Kh1 h4 27. Nbxd6 g3 28. Nf5 Bxf5 29. exf5 h3 30. Ne3 Qb6 31. Qf3 hxg2+ 32. Nxg2 gxh2 33. Nxf4 Qxb2 34. Re1 exf4 35. Qg4+ 1-0


[Site "https://www.chess.com"]

[Event "Titled Tuesday Blitz August 22 Late 2023"]
[White "Gerbelli Neto, Eduardo"]
[Black "sebastianmarinp"]
[WhiteFideId "2103281"]
[WhiteElo "2302"]
[BlackElo "2407"]
[Result "1-0"]
[Round "6"]
[TimeControl "180+1"]
[Date "2023.08.22"]
[WhiteClock "0:00:07"]
[BlackClock "0:00:03"]
[Board "148"]

1. e4 c5 2. Nc3 Nc6 3. f4 g6 4. Nf3 Bg7 5. Bc4 e6 6. f5 Nge7 7. fxe6 dxe6 8. d3 O-O 9. O-O Nd4 10. Bg5 h6 11. Be3 Nec6 12. Qd2 Nxf3+ 13. gxf3 Bd4 14. Kh1 Bxe3 15. Qxe3 Qg5 16. f4 Qh4 17. Qxc5 Bd7 18. Qf2 Qh5 19. Rg1 Rac8 20. f5 exf5 21. Nd5 Kg7 22. Nf4 Qg4 23. Rxg4 fxg4 24. Rf1 Ne5 25. Nd5 f5 26. Qd4 Rfe8 27. Nf4 Kh7 28. Qxa7 Nxc4 29. dxc4 Bc6 30. Nd5 Rxe4 31. Qc5 b6 32. Qxb6 Rxc4 33. Rd1 Rxc2 34. Kg1 h5 35. Qa7+ Kh6 36. Qe3+ Kg7 37. Qe5+ Kh6 38. Qf4+ Kg7 39. Qd4+ Kh6 40. Ne3 Be4 41. Nxc2 Rxc2 42. Qe3+ Kg7 43. Rd7+ Kf6 44. Qd4+ Kg5 45. Qe3+ Kh4 46. Qg3+ Kg5 47. h4+ Kf6 48. Qd6# 1-0


[Site "https://www.chess.com"]

[Event "Titled Tuesday Blitz August 22 Late 2023"]
[White "Kohler, Aran"]
[Black "Arnold, Ken"]
[WhiteFideId "1002856"]
[BlackFideId "2056836"]
[WhiteElo "2251"]
[BlackElo "2399"]
[Result "0-1"]
[Round "6"]
[TimeControl "180+1"]
[Date "2023.08.22"]
[WhiteClock "0:00:13"]
[BlackClock "0:00:14"]
[Board "149"]

1. Nf3 c5 2. c4 Nc6 3. Nc3 Nf6 4. g3 g6 5. Bg2 Bg7 6. O-O O-O 7. d4 cxd4 8. Nxd4 a6 9. Nc2 d6 10. h3 Be6 11. b3 Qc8 12. Kh2 h5 13. Bb2 Rd8 14. Nd5 Bxd5 15. cxd5 Ne5 16. Nd4 Qc7 17. Rc1 Qb6 18. Qd2 Rdc8 19. Rxc8+ Rxc8 20. Rc1 Rxc1 21. Qxc1 Neg4+ 22. hxg4 Nxg4+ 23. Kg1 Bxd4 24. Bxd4 Qxd4 25. e3 Qc5 26. Qd2 a5 27. a4 b6 28. Bf1 Ne5 29. Kg2 Kg7 30. Be2 Nd7 31. Bc4 f5 32. Qc3+ Nf6 33. f3 Qb4 34. Qxb4 axb4 35. Kf2 Nd7 36. Bb5 Nc5 37. Bc4 g5 38. f4 Kf6 39. Kg2 Ne4 40. Bd3 Nd2 41. Bc2 e5 42. dxe6 Kxe6 43. fxg5 Ke5 44. Kf2 d5 45. Ke2 Ne4 46. Bxe4 dxe4 47. Kd2 Ke6 48. Ke2 Kf7 49. Kf2 Kg6 50. Kg2 Kxg5 51. Kh3 Kg6 52. Kh2 Kf6 53. Kh3 Kg5 54. Kh2 h4 55. Kg2 Kg4 56. gxh4 Kxh4 57. Kh2 Kg4 58. Kg2 f4 59. exf4 Kxf4 60. Kf2 e3+ 61. Ke2 Ke4 62. Ke1 Kd3 63. Kd1 Kc3 64. Ke2 Kxb3 65. Kxe3 Ka2 0-1


[Site "https://www.chess.com"]

[Event "Titled Tuesday Blitz August 22 Late 2023"]
[White "Vanek, Tomas"]
[Black "Nielsen, Viktor Haarmark"]
[WhiteFideId "313459"]
[BlackFideId "1444492"]
[WhiteElo "2214"]
[BlackElo "2385"]
[Result "0-1"]
[Round "6"]
[TimeControl "180+1"]
[Date "2023.08.22"]
[WhiteClock "0:01:12"]
[BlackClock "0:01:28"]
[Board "150"]

1. d4 Nf6 2. Bf4 d5 3. e3 c5 4. c3 Nc6 5. Bd3 Qb6 6. Qe2 c4 7. Bxc4 dxc4 8. Nf3 Bf5 9. O-O Bd3 10. Qd2 Bxf1 11. Kxf1 e6 12. Ng5 Qd8 13. f3 Bd6 14. Ne4 Bxf4 15. exf4 O-O 16. Qe2 b5 17. Nbd2 a6 18. Re1 Nd5 19. g3 Rc8 20. Ng5 h6 21. Nh3 b4 22. Nxc4 bxc3 23. bxc3 Nxc3 24. Qd3 Qxd4 25. Qxd4 Nxd4 26. Nd6 Rc6 27. Ne4 Nxe4 28. Rxe4 Rd8 29. Nf2 Nxf3 30. Kg2 Nd4 31. Nd3 Rc2+ 32. Kh3 Nf3 33. Ne5 f5 0-1


[Site "https://www.chess.com"]

[Event "Titled Tuesday Blitz August 22 Late 2023"]
[White "kaanadayhamle"]
[Black "KSho99"]
[WhiteElo "2364"]
[BlackElo "2222"]
[Result "1-0"]
[Round "6"]
[TimeControl "180+1"]
[Date "2023.08.22"]
[WhiteClock "0:01:34"]
[BlackClock "0:00:19"]
[Board "151"]

1. e4 b6 2. d4 Bb7 3. Nc3 e6 4. Nf3 d6 5. Bf4 Nd7 6. Bc4 Ne7 7. Qe2 h6 8. h4 g6 9. a4 a6 10. Rd1 Bg7 11. g4 Nf6 12. g5 hxg5 13. Bxg5 d5 14. exd5 Nfxd5 15. Rg1 Nxc3 16. bxc3 Qd7 17. Ne5 Qxa4 18. Nxf7 Bd5 19. Bxd5 Nxd5 20. Nxh8 Bxh8 21. Qxe6+ Kf8 22. Qxd5 1-0


[Site "https://www.chess.com"]

[Event "Titled Tuesday Blitz August 22 Late 2023"]
[White "Powell, Paul"]
[Black "Battlecruiser_Operational"]
[WhiteFideId "2005840"]
[WhiteElo "2122"]
[BlackElo "2350"]
[Result "0-1"]
[Round "6"]
[TimeControl "180+1"]
[Date "2023.08.22"]
[WhiteClock "0:00:15"]
[BlackClock "0:01:06"]
[Board "152"]

1. d4 e6 2. Nf3 f5 3. Bf4 Nf6 4. e3 Be7 5. h3 O-O 6. Be2 b6 7. O-O Bb7 8. c4 h6 9. Nc3 d6 10. Rc1 Nbd7 11. b4 a5 12. a3 Ne4 13. Nxe4 Bxe4 14. Nd2 Bb7 15. Qb3 Nf6 16. c5 Bd5 17. Bc4 b5 18. Bxd5 Nxd5 19. cxd6 cxd6 20. Bh2 axb4 21. axb4 Ra4 22. Rc6 Rxb4 23. Qc2 Qd7 24. Rc1 Ra4 25. Qb3 Rb8 26. f3 Kh7 27. e4 fxe4 28. fxe4 Nf6 29. Rc7 Qd8 30. Qxe6 Rxd4 31. Rxe7 Ng8 32. Qf5+ Kh8 33. Nf3 Nxe7 34. Qg4 Rc4 35. Rd1 Rb6 36. e5 Rxg4 37. hxg4 d5 38. Nd4 b4 39. Nb3 Qc8 40. Rd2 Qc3 0-1


[Site "https://www.chess.com"]

[Event "Titled Tuesday Blitz August 22 Late 2023"]
[White "Figorito, Nick"]
[Black "Navyblue1"]
[WhiteFideId "30923689"]
[WhiteElo "2344"]
[BlackElo "2037"]
[Result "1-0"]
[Round "6"]
[TimeControl "180+1"]
[Date "2023.08.22"]
[WhiteClock "0:02:35"]
[BlackClock "0:02:13"]
[Board "153"]

1. Nf3 c5 2. g3 d5 3. Bg2 Nc6 4. d4 Nf6 5. O-O Bg4 6. Ne5 Nxd4 7. Nxg4 Nxg4 8. e3 Nxe3 9. Bxe3 e5 10. c3 Nf5 11. Qxd5 Qxd5 12. Bxd5 Nxe3 13. fxe3 f6 14. Bxb7 Rb8 15. Bc6+ Kd8 16. b3 Kc7 17. Bd5 Be7 18. c4 Rhd8 19. Nc3 1-0


[Site "https://www.chess.com"]

[Event "Titled Tuesday Blitz August 22 Late 2023"]
[White "Jin, Ashton"]
[Black "Hoffmann, Asa"]
[WhiteFideId "30931908"]
[BlackFideId "2001470"]
[WhiteElo "2525"]
[BlackElo "2287"]
[Result "1-0"]
[Round "6"]
[TimeControl "180+1"]
[Date "2023.08.22"]
[WhiteClock "0:00:20"]
[BlackClock "0:00:26"]
[Board "154"]

1. e4 d6 2. d4 Nf6 3. Nc3 c6 4. g3 g6 5. Bg2 Bg7 6. Nge2 O-O 7. O-O Nbd7 8. h3 e5 9. a4 a5 10. Re1 Re8 11. Be3 b6 12. Qd2 Ba6 13. Rad1 Qe7 14. d5 c5 15. Nc1 Rab8 16. Bf1 c4 17. f3 Rec8 18. Bf2 Nh5 19. b3 Bf6 20. Bxc4 Bxc4 21. bxc4 Rxc4 22. Qd3 Rbc8 23. N1e2 Bg5 24. Rb1 Qd8 25. Nb5 Be7 26. Na7 Rxc2 27. Nxc8 Qxc8 28. Rec1 Rxc1+ 29. Rxc1 Nc5 30. Qb5 Bd8 31. Kg2 Kg7 32. f4 exf4 33. gxf4 Qc7 34. e5 dxe5 35. Bxc5 bxc5 36. Qxc5 Qd7 37. fxe5 Qxa4 38. Rc4 Qa2 39. Kf3 Qa1 40. Qd4 Qf1+ 41. Qf2 Qxh3+ 42. Ke4 Qg4+ 43. Kd3 Qd7 44. Nc3 Bg5 45. Qd4 Nf4+ 46. Kc2 Qf5+ 47. Kb3 h5 48. Ne4 Be7 49. e6+ Bf6 50. Nxf6 Qxf6 51. Qxf6+ Kxf6 52. Rxf4+ Ke5 53. exf7 Kxf4 54. f8=Q+ Kg3 55. d6 h4 56. d7 1-0


[Site "https://www.chess.com"]

[Event "Titled Tuesday Blitz August 22 Late 2023"]
[White "Ismayil, Malak"]
[Black "Mikhaylova, Irina"]
[WhiteFideId "13412604"]
[BlackFideId "4109040"]
[WhiteElo "2496"]
[BlackElo "2282"]
[Result "1-0"]
[Round "6"]
[TimeControl "180+1"]
[Date "2023.08.22"]
[WhiteClock "0:02:16"]
[BlackClock "0:02:19"]
[Board "155"]

1. e4 c5 2. Nf3 Nc6 3. Bb5 e6 4. O-O Nge7 5. b3 Ng6 6. Bb2 f6 7. Re1 Be7 8. d4 cxd4 9. Nxd4 O-O 10. Bf1 a6 11. c4 Nge5 12. Nd2 Nxd4 13. Bxd4 Nc6 14. Bb2 e5 15. Nf3 Bc5 16. Qd5+ Rf7 17. Qxc5 1-0


[Site "https://www.chess.com"]

[Event "Titled Tuesday Blitz August 22 Late 2023"]
[White "Ansh M Shah"]
[Black "Cardozo Munar, Carlos Eduardo"]
[WhiteFideId "25033379"]
[BlackFideId "4409477"]
[WhiteElo "2493"]
[BlackElo "2278"]
[Result "1-0"]
[Round "6"]
[TimeControl "180+1"]
[Date "2023.08.22"]
[WhiteClock "0:01:13"]
[BlackClock "0:01:09"]
[Board "156"]

1. Nf3 Nf6 2. g3 g6 3. Bg2 Bg7 4. O-O O-O 5. b3 d5 6. Bb2 c5 7. e3 Nc6 8. d4 b6 9. Nbd2 e6 10. c4 Bb7 11. Rc1 dxc4 12. Nxc4 cxd4 13. Nxd4 Rc8 14. Nb5 Qxd1 15. Rfxd1 Rfd8 16. Nbd6 Ba6 17. Nxc8 Rxc8 18. Nd6 Ne7 19. Nxc8 Nxc8 20. Rd8+ Bf8 21. Bxf6 1-0


[Site "https://www.chess.com"]

[Event "Titled Tuesday Blitz August 22 Late 2023"]
[White "Jaskolka, Tomasz"]
[Black "Ai, Evan"]
[WhiteFideId "1170791"]
[BlackFideId "2094770"]
[WhiteElo "2491"]
[BlackElo "2269"]
[Result "1-0"]
[Round "6"]
[TimeControl "180+1"]
[Date "2023.08.22"]
[WhiteClock "0:00:21"]
[BlackClock "0:00:02"]
[Board "157"]

1. e4 e5 2. Nf3 Nc6 3. Bc4 Nf6 4. Ng5 d5 5. exd5 Na5 6. Bb5+ c6 7. dxc6 bxc6 8. Bd3 h6 9. Ne4 Nd5 10. Nbc3 Nf4 11. Bf1 f5 12. Ng3 Bc5 13. d3 O-O 14. Be3 Bxe3 15. fxe3 Nd5 16. Nxd5 cxd5 17. Be2 Qb6 18. Qd2 Qxb2 19. O-O Nc6 20. Rab1 Qa3 21. Rb5 a6 22. Rxd5 Be6 23. Bf3 Kh8 24. c4 Bxd5 25. Bxd5 Rac8 26. Nxf5 Ne7 27. e4 Nxf5 28. exf5 Qc5+ 29. Kh1 Rf6 30. Qe2 Rcf8 31. Qxe5 Qa3 32. Qe2 Rxf5 33. Rg1 Rf2 34. Qe6 Qxa2 35. Be4 Qe2 36. Qg6 Kg8 37. h3 R2f6 38. Qh7+ Kf7 39. Bd5+ Ke7 40. Qxg7+ Kd8 41. Be4 Qf2 42. Rb1 Qd4 43. Rb8# 1-0


[Site "https://www.chess.com"]

[Event "Titled Tuesday Blitz August 22 Late 2023"]
[White "Bibasa, Bob"]
[Black "Saucey, Michel"]
[WhiteFideId "10000240"]
[BlackFideId "601845"]
[WhiteElo "2478"]
[BlackElo "2262"]
[Result "1/2-1/2"]
[Round "6"]
[TimeControl "180+1"]
[Date "2023.08.22"]
[WhiteClock "0:00:43"]
[BlackClock "0:00:05"]
[Board "158"]

1. e4 c5 2. Nf3 e6 3. d4 cxd4 4. Nxd4 Nc6 5. c4 Nf6 6. Nc3 Bb4 7. f3 d5 8. cxd5 exd5 9. Nxc6 bxc6 10. e5 Nd7 11. Bf4 O-O 12. Bd3 Re8 13. O-O Nxe5 14. Bc2 Ng6 15. Bg3 Ba6 16. Re1 Qb6+ 17. Kh1 Rxe1+ 18. Qxe1 d4 19. Na4 Bxe1 20. Nxb6 axb6 21. Rxe1 d3 22. Bb3 c5 23. Kg1 c4 24. Bd1 b5 25. Kf2 b4 26. h4 c3 27. bxc3 bxc3 28. h5 Nf8 29. Bb3 c2 30. Bf4 Rc8 31. Bc1 Ne6 32. h6 Nd4 33. Bd5 Ne2 34. Ke3 Nc3 35. Bb3 Re8+ 36. Kf2 Rxe1 37. Kxe1 Ne2 38. Kd2 Nxc1 39. Kxc1 gxh6 40. Kd2 Kg7 41. a4 f6 42. Bd5 Kg6 43. Bc6 Kg5 44. Bb5 Bb7 45. Bxd3 Kf4 46. Bxc2 Kg3 47. Bxh7 Kxg2 48. Be4 Ba6 49. a5 f5 50. Bd3 Bb7 51. a6 Bxa6 52. Bxa6 Kxf3 53. Ke1 Kg3 54. Kf1 f4 55. Bb7 f3 56. Bxf3 Kxf3 57. Kg1 Kg4 58. Kh2 Kf5 59. Kg2 h5 60. Kh2 h4 61. Kg2 h3+ 62. Kh2 Ke6 63. Kxh3 1/2-1/2


[Site "https://www.chess.com"]